 Dungeon Crawl Stone Soup version 0.17-a0-1479-g4041c36 (webtiles) character file.

1784 amnekian the Chiller (level 9, -17/63 HPs)
             Began as an Octopode Transmuter on July 3, 2015.
             Was an Initiate of Gozag.
             Demolished by a hill giant
             ... wielding a +0 giant spiked club
              (30 damage)
             ... on level 7 of the Dungeon.
             The game lasted 00:43:17 (8075 turns).

amnekian the Chiller (Octopode Transmuter)          Turns: 8075, Time: 00:43:18

Health: -17/63     AC:  6    Str: 15    XL:     9   Next: 8%
Magic:  18/18      EV: 10    Int: 16    God:    Gozag
Gold:   669        SH:  0    Dex: 14    Spells: 3 memorised, 13 levels left

rFire  . . .     SeeInvis .       - Unarmed
rCold  + + +     Clarity  .     (shield currently unavailable)
rNeg   + . .     SustAt   .     (helmet currently unavailable)
rPois  +         Gourm    .     (no amulet)
rElec  +         Spirit   .     o - ring of positive energy
rCorr  +         Warding  .     (no ring)
rMut   .         Stasis   .     (no ring)
MR     .....                    (no ring)
Stlth  +++.......               (no ring)
                                (no ring)
                                (no ring)
                                (no ring)

@: mighty, ice-form, resistant, hasted, very quick, not resistant to hostile
enchantments, fairly stealthy
A: almost no armour, amphibious, 8 rings, (constrict 8), (camouflage 0),
(gelatinous body 0)
a: End Transformation, Potion Petition, Call Merchant, Bribe Branch, Renounce
Religion


You were on level 7 of the Dungeon.
You worshipped Gozag.
Gozag was noncommittal.
You were not hungry.
You were a creature of crystalline ice.
You visited 2 branches of the dungeon, and saw 10 of its levels.

You collected 734 gold pieces.
You paid 65 gold pieces to Gozag.

Inventory:

Hand weapons
 b - a +1 hunting sling
Missiles
 a - 108 arrows
 j - 6 needles of slowing
 k - 112 stones (quivered)
 u - 13 arrows of frost
 w - 6 needles of sleeping
 y - 18 arrows of flame
 A - 5 tomahawks
 F - 11 sling bullets of frost
Rods
 h - a +1 rod of destruction (10/10)
   (You took it off an orc on level 4 of the Dungeon)
Jewellery
 o - a ring of positive energy (left front paw)
 t - an uncursed ring of teleportation
 G - a -3 ring of protection
Magical devices
 l - a wand of slowing (26)
 v - a wand of cold (5)
Scrolls
 e - 4 scrolls of identify
 q - 3 scrolls of teleportation
 s - a scroll of enchant weapon
 x - a scroll of vulnerability {unknown}
 C - a scroll of enchant armour
Potions
 d - a potion of brilliance
 f - 3 potions of heal wounds
 g - 5 potions of curing
 n - 2 potions of might
 p - a potion of ambrosia {unknown}
 B - a potion of invisibility {unknown}
 D - a potion of mutation {unknown}
Books
 i - a book of the Warp

   Spells                             Type                      Level
   a - Recall                         Summoning/Translocation      3
   b - Gell's Gravitas                Hexes/Translocation          3
   c - Force Lance                    Conjuration/Translocation    4
   d - Phase Shift                    Translocation                5
   e - Warp Weapon                    Charms/Translocation         5
   f - Summon Forest                  Summoning/Translocation      5
 m - a book of Changes

   Spells                             Type                      Level
   a - Beastly Appendage              Transmutation                1
   b - Sticks to Snakes               Transmutation                2
   c - Spider Form                    Transmutation/Poison         3
   d - Ice Form                       Ice/Transmutation            4
   e - Blade Hands                    Transmutation                5
 z - a book of Ice

   Spells                             Type                      Level
   a - Ice Form                       Ice/Transmutation            4
   b - Metabolic Englaciation         Hexes/Ice                    5
   c - Ozocubu's Refrigeration        Ice                          6
   d - Bolt of Cold                   Conjuration/Ice              6
   e - Freezing Cloud                 Conjuration/Ice/Air          6
   f - Simulacrum                     Ice/Necromancy               6
Comestibles
 c - 6 bread rations
 r - 2 meat rations
 E - 8 slices of pizza


   Skills:
 - Level 1.0 Fighting
 - Level 2.0 Dodging
 * Level 4.5 Stealth
 - Level 4.5 Unarmed Combat
 - Level 6.0 Spellcasting
 - Level 5.7 Transmutations
 - Level 6.0 Ice Magic


You had 13 spell levels left.
You knew the following spells:

 Your Spells              Type           Power        Failure   Level  Hunger
a - Beastly Appendage     Trmt           ###...       1%          1    None
b - Sticks to Snakes      Trmt           ###.......   1%          2    #......
c - Ice Form              Ice/Trmt       ###.....     14%         4    ####...


Dungeon Overview and Level Annotations

Branches:
Dungeon (9/15)             Temple (1/1) D:4
   Lair: D:8-11         Orc: D:9-12

Altars:
Ashenzari
Cheibriados
Dithmenos
Elyvilon
Fedhas
Gozag
Kikubaaqudgha
Makhleb
Nemelex Xobeh
Okawaru
Qazlal
Ru
Sif Muna
Trog
Vehumet
Xom
Yredelemnul
Zin
The Shining One

Shops:
D:8 }

Annotations:
D:3 exclusion: water moccasin
D:4 exclusion: giant newt, Grinder
D:8 exclusion: orc


Innate Abilities, Weirdness & Mutations

You cannot wear most types of armour.
You are amphibious.
You can wear up to eight rings at the same time.
((You can use your tentacles to constrict eight enemies at once.))
((Your skin changes colour to match your surroundings (Stealth).))
((Your rubbery body absorbs attacks (AC +1).))


Message History

* * * LOW HITPOINT WARNING * * *
You hit the centaur. You freeze the centaur.
You kill the centaur!
Your Stealth skill increases to level 4!
The kobold hits you.
* * * LOW HITPOINT WARNING * * *
The kobold barely misses you.
You see here an arrow.
Drink which item? (? for menu, Esc to quit)
Okay, then.
Use which ability? (? or * to list) [a] - 0 gold - haste and resistance [b] - 0 gold - resistance, might and haste [c] - 0 gold - invisibility, agility and flight Purchase which effect?
You feel protected.
You feel very mighty all of a sudden.
You feel yourself speed up.
The hill giant hits you with a giant spiked club!!
You die...
Your body crumbles into a pile of gold.

... #.# #.. #.# #. #.# #.# .
#. #.# #.# .. .. ##.# #####
#.# #.. #. #####..#####...#
#^#
#..#.##.^.(.....[....####.##
# #......./K>................
....#....(.CY.....#..........
..........#######............
##...#$#### ##...........
#.#.... ###........... ###...
###.....>.......
##...####...............
#...)...#.............
#......######..#.#...
##..............._..##


You could see a hill giant and a kobold.

Vanquished Creatures
  The ghost of cireshan the Conjurer, an experienced DECj of Sif Muna (D:6)
  An orc warrior (D:8)
  A sky beast (D:5)
  3 ogres
  2 centaurs
  A giant frog (D:8)
  Blork the orc (D:4)
  3 scorpions
  A hound (D:8)
  A centaur zombie (D:5)
  2 centaur skeletons
  3 iguanas
  2 orc priests (D:8)
  2 giant frog skeletons
  An orc wizard (D:5)
  Natasha (thrice) (D:4)
  3 worker ants
  A hound skeleton (D:8)
  6 adders
  2 shadow imps
  A worm (D:3)
  2 giant geckos
  8 orcs
  A bat skeleton (D:8)
  A bat zombie (D:7)
  6 giant cockroaches
  9 goblins
  9 hobgoblins
  14 jackals
  5 kobolds
  7 quokkas
  3 ball pythons
  10 bats
  A giant gecko zombie (D:6)
  A giant newt (D:6)
  A quokka skeleton (D:8)
  A quokka zombie (D:5)
  12 rats
132 creatures vanquished.

Vanquished Creatures (collateral kills)
  A worker ant (D:4)
  3 adders
  A hobgoblin (D:3)
  A kobold (D:3)
6 creatures vanquished.

Vanquished Creatures (others)
  An adder skeleton (D:4)
1 creature vanquished.

Grand Total: 139 creatures vanquished

Notes
Turn   | Place    | Note
--------------------------------------------------------------
     0 | D:1      | amnekian the Octopode Transmuter began the quest for the Orb.
     0 | D:1      | Reached XP level 1. HP: 13/13 MP: 3/3
   243 | D:1      | Reached XP level 2. HP: 18/18 MP: 5/5
   250 | D:1      | Learned a level 2 spell: Sticks to Snakes
   842 | D:2      | Reached XP level 3. HP: 19/23 MP: 4/6
  1200 | D:2      | Reached skill level 4 in Transmutations
  1311 | D:2      | Reached XP level 4. HP: 28/28 MP: 2/7
  2018 | D:2      | Learned a level 4 spell: Ice Form
  2077 | D:3      | Noticed a water moccasin
  2173 | D:3      | Reached skill level 1 in Ice Magic
  2637 | D:3      | Reached XP level 5. HP: 18/33 MP: 6/8
  3614 | D:4      | Noticed Grinder
  3622 | D:4      | Noticed Blork the orc
  3652 | D:4      | Found a deep blue altar of Sif Muna.
  3748 | D:3      | Found a glowing golden altar of the Shining One.
  3995 | D:4      | Found a staircase to the Ecumenical Temple.
  4012 | Temple   | Entered the Ecumenical Temple
  4121 | D:4      | Reached XP level 6. HP: 38/38 MP: 9/9
  4348 | Temple   | Became a worshipper of Gozag Ym Sagoz the Greedy
  4403 | D:4      | Noticed Natasha
  4432 | D:4      | Noticed an ogre
  4461 | D:4      | Killed an ogre
  4461 | D:4      | Reached skill level 5 in Ice Magic
  4710 | D:4      | Killed Natasha
  4848 | D:4      | Reached XP level 7. HP: 43/43 MP: 1/10
  4868 | D:4      | Noticed Natasha
  4871 | D:4      | Killed Natasha
  4895 | D:4      | Noticed an ogre
  4934 | D:4      | Killed an ogre
  4934 | D:4      | Reached skill level 6 in Ice Magic
  5092 | D:4      | Noticed Natasha
  5094 | D:4      | Killed Natasha
  5198 | D:4      | Killed Blork the orc
  5262 | D:5      | Entered Level 5 of the Dungeon
  5365 | D:5      | Found a snail-covered altar of Cheibriados.
  5412 | D:5      | Reached skill level 5 in Transmutations
  5578 | D:5      | Reached XP level 8. HP: 48/48 MP: 6/11
  6298 | D:6      | Noticed cireshan's ghost (experienced DECj)
  6838 | D:6      | Killed cireshan's ghost
  7108 | D:6      | Found a stormy altar of Qazlal.
  7206 | D:6      | You fall through a shaft for 3 floors!
  7210 | D:9      | Found a blossoming altar of Fedhas.
  7239 | D:8      | Found a snail-covered altar of Cheibriados.
  7354 | D:8      | Found a white marble altar of Elyvilon.
  7488 | D:8      | Reached skill level 5 in Spellcasting
  7620 | D:8      | Found Tewon's Gadget Boutique.
  7874 | D:7      | Found a shattered altar of Ashenzari.
  7940 | D:7      | Reached skill level 1 in Stealth
  7956 | D:8      | Reached XP level 9. HP: 38/53 MP: 18/18
  8063 | D:7      | Noticed a hill giant
  8075 | D:7      | Demolished by a hill giant

Vault maps used:
D:1:      minmay_arrival_plants_in_alcoves
D:3:      nicolae_tso_carved_into_rock
D:4:      lemuel_doored_altar, temple_pool_b, first_bread, grunt_tough_drop,
          uniq_grinder, uniq_blork_the_orc, uniq_natasha
D:5:      kennysheep_mini_moat
D:6:      nicolae_overflow_crystal_walls, temple_green, serial_curves,
          eino_curves_03, eino_curves_04
D:7:      ashenzari_altar_1, serial_shops, nicolae_shop_stone, jiyva_altar_1
D:8:      elyvilon_altar_1, basic_altar, serial_shops, shop, grunt_pizzeria,
          bh_chokoban, hex_tiny
D:9:      fedhas_altar_1, david_lair_shrubbed
Temple:   nicolae_temple_x_marks_the_god

Action                   |  1- 3 |  4- 6 |  7- 9 || total
-------------------------+-------+-------+-------++-------
Melee: Unarmed           |    60 |   107 |   159 ||   326
 Fire: Hunting sling     |    13 |   106 |    19 ||   138
Throw: Stone             |     3 |     2 |       ||     5
 Cast: Beastly Appendage |    13 |    15 |     5 ||    33
       Sticks to Snakes  |     8 |     3 |     1 ||    12
       Ice Form          |       |     2 |    12 ||    14
Invok: Potion Petition   |       |       |     1 ||     1
Evoke: Wand              |       |       |     1 ||     1
  Use: Scroll            |       |    11 |     1 ||    12
 Stab: Sleeping          |     6 |     2 |     2 ||    10
  Eat: Chunk             |     1 |    10 |       ||    11
       Fruit             |       |     5 |       ||     5
       Royal jelly       |       |       |     1 ||     1
       Meat ration       |       |       |     2 ||     2
       Beef jerky        |       |       |     2 ||     2
